 Dungeon Crawl Stone Soup version 0.30-a0-613-gdd512c7efb (webtiles) character file.

Game seed: 14705808274599816724

177 bmack86 the Trooper (level 5, -2/48 HPs)
             Began as a Minotaur Fighter on Jan 8, 2023.
             Slain by Natasha (4 damage)
             ... on level 3 of the Dungeon.
             The game lasted 00:06:01 (1201 turns).

bmack86 the Trooper (Minotaur Fighter)              Turns: 1201, Time: 00:06:02

Health: -2/48      AC:  7    Str: 23    XL:     5   Next: 31%
Magic:  4/4        EV:  9    Int:  5    God:
Gold:   54         SH:  4    Dex:  9    Spells: 4/4 levels left

rFire   . . .      SeeInvis .    a - +0 war axe
rCold   . . .      Faith    .    c - +0 buckler
rNeg    . . .      Spirit   .    b - +0 scale mail
rPois   .          Reflect  .    (helmet restricted)
rElec   .          Harm     .    (no cloak)
rCorr   .          Rampage  .    (no gloves)
Will    .....                    (no boots) Stlth
                                 (no amulet)
HPRegen 0.28/turn                (no ring)
MPRegen 0.09/turn                (no ring)

@: mighty, slowed, very slow
A: horns 2, retaliatory headbutt
a: no special abilities


You were on level 3 of the Dungeon.
You visited 1 branch of the dungeon, and saw 3 of its levels.

You collected 54 gold pieces.

Inventory:

Hand Weapons
 a - a +0 war axe (weapon)
Missiles
 j - 3 poisoned darts (quivered)
Armour
 b - a +0 scale mail (worn)
 c - a +0 buckler (worn)
Jewellery
 m - a ring of protection from fire
Scrolls
 e - 2 scrolls of teleportation {unknown}
 h - a scroll of noise {unknown}
 i - a scroll of poison {unknown}
 l - a scroll of fog {unknown}
Potions
 f - a potion of lignification {unknown}
 g - 2 potions of curing {unknown}
 k - a potion of haste {unknown}


   Skills:
 * Level 5.0 Fighting
 * Level 4.2 Axes
 + Level 1.3 Throwing
 + Level 4.3 Armour
 + Level 4.2 Shields


You had 4 spell levels left.
You didn't know any spells.
Your spell library was empty.

Dungeon Overview and Level Annotations

Branches:
Dungeon (3/15)

Altars:
Yredelemnul

Annotations:
D:3 Natasha


Innate Abilities, Weirdness & Mutations

You have a pair of horns on your head.
You reflexively headbutt those who attack you in melee.


Message History

A rat comes into view.
Found an escape hatch in the floor.
You feel sick. Natasha closely misses you.
The rat moves out of view.
You slash Natasha!
Natasha is heavily wounded.
You feel sick.
You are no longer poisoned.
Natasha claws you but does no damage.
Natasha stares at you and mumbles some strange words.
The magic dart hits you. The white imp hits you.
* * * LOW HITPOINT WARNING * * *
The white imp freezes you.
* * * LOW HITPOINT WARNING * * *
You closely miss Natasha.
Natasha is heavily wounded.
You hit the white imp. Natasha claws you!
* * * LOW HITPOINT WARNING * * *
The white imp hits you but does no damage.
Natasha mumbles some strange words.
You block the white imp's attack.
Natasha stares at you and mumbles some strange words.
The magic dart hits you.
* * * LOW HITPOINT WARNING * * *
Unknown command.
Sorry, you're not good enough to have a special ability.
Okay, then.
You hit Natasha.
Natasha is severely wounded.
You slash the white imp!
You kill the white imp!
The white imp disappears in a puff of smoke!
Natasha barely misses you. The rat bites you but does no damage.
Natasha claws you but does no damage.
You barely miss Natasha.
Natasha is severely wounded.
You slash the rat!
You kill the rat!
The iron imp puffs mist at you. Natasha claws you.
You die...

#.#.......# ... .
#.#.......#...# #
##.#....(..#.... ..
................ #.
#.........####.
#..####...)........
#.........).)#####.
#....5....)†)#
#...§h@.............
#....$.#####.#####.#
#......# #...
#......# #.....
#......# #......
#......# #......
#......# #......
#..>...#


You could see an iron imp (summoned) and Natasha.

Vanquished Creatures
  An orc priest (D:3)
  Jessica (D:3)
  Terence (D:2)
  3 adders
  3 dart slugs
  4 orcs (D:3)
  8 ball pythons
  4 endoplasms
  4 giant cockroaches (D:1)
  5 goblins
  2 hobgoblins (D:1)
  4 jackals (D:3)
  A kobold (D:2)
  2 quokkas
  5 bats
  5 frilled lizards
  10 rats
63 creatures vanquished.

Notes
Turn   | Place    | Note
-------+----------+-------------------------------------------
     0 | D:1      | bmack86 the Minotaur Fighter began the quest for the Orb.
     0 | D:1      | Reached XP level 1. HP: 19/19 MP: 0/0
    89 | D:1      | Reached XP level 2. HP: 27/27 MP: 1/1
   144 | D:1      | Reached skill level 4 in Fighting
   265 | D:1      | Reached XP level 3. HP: 30/33 MP: 2/2
   503 | D:2      | Noticed Terence
   514 | D:2      | Killed Terence
   709 | D:2      | Reached XP level 4. HP: 37/41 MP: 3/3
   951 | D:2      | Found a basalt altar of Yredelemnul.
  1169 | D:3      | Noticed Jessica
  1180 | D:3      | Killed Jessica
  1181 | D:3      | Reached skill level 1 in Throwing
  1183 | D:3      | Reached XP level 5. HP: 27/47 MP: 4/4
  1191 | D:3      | Noticed Natasha
  1197 | D:3      | Reached skill level 5 in Fighting
  1199 | D:3      | HP: 1/48 [Natasha/magic dart (4)]
  1201 | D:3      | Slain by Natasha

Illustrated notes

Levels and vault maps discovered:
D:1:      dreamdust_arrival_beginning_and_end, layout_rooms
D:2:      layout_loops_ring, basic_altar, uniq_terence
D:3:      layout_basic, minmay_misc_feat_diagonals, uniq_natasha, uniq_jessica,
          uniq_grinder

Skill      XL: |  1  2  3  4  5 |
---------------+----------------+-----
Fighting       | 4 5 |  5.0
Axes           | 3 4 |  4.2
Armour         | 4 |  4.3
Shields        | 4 |  4.2
Throwing       | 1 |  1.3

Action                   |  1- 3 |  4- 6 || total
-------------------------+-------+-------++-------
Melee: War axe           |    59 |    42 ||   101
       Headbutt          |     8 |     4 ||    12
  Use: Potion            |       |     1 ||     1
Armor: Scale mail        |    37 |    39 ||    76
Dodge: Dodged            |    49 |    39 ||    88
Block: Buckler           |    20 |    18 ||    38

Table legend: (Time is in decaauts)
 A = Elapsed time spent in this place.
 B = Non-inter-level travel time spent in this place.
 C = Inter-level travel time spent in this place.
 D = Time resting spent in this place.
 E = Time spent auto-exploring this place.
 F = Levels seen in this place.
 G = Mean time per level.
                   A        B        C        D        E       F      G
               +--------+--------+--------+--------+--------+-----+--------+
         Total |   1248 |   1245 |      3 |     63 |    727 |   3 |  416.0 |
       Dungeon |   1248 |   1245 |      3 |     63 |    727 |   3 |  416.0 |
               +--------+--------+--------+--------+--------+-----+--------+

Top non-repeatable levels by time:
     D:2: 640 daAuts
     D:1: 522 daAuts
     D:3: 85 daAuts
